AoeStats
← Enki

Lombardia

510170916Analyzed
4v4 RM · 3d ago on Sep 29, 2026· 88m 50s· 8 players
Game mode
Random Map
Map size
Large (8 player)
Population
200
Speed
Normal
Resources
Standard
Victory
Conquest
Starting age
Dark Age
Ending age
Imperial Age
RankedLock teamsTeams togetherTeam positionsShared explorationLock speedFull tech treeHidden civsTurbo modeCheats
Victory
Defeat
🇪🇸 Bengalis · Spain
998
+12
🇳🇱 Spanish · Netherlands
985
+12
🇵🇪 Gurjaras · Peru
943
+14
🇦🇷 Italians · Argentina
903
+15
🇦🇷 Khmer · Argentina
992
-16
🇦🇷 Huns · Argentina
932
-15
🇦🇷 Franks · Argentina
832
-11
🇨🇿 Byzantines · Czechia
828
-11
Manolo el Cucarachas
3:41 Loom
12:58 Feudal Age
13:52 Horse Collar
13:58 Double-Bit Axe
14:14 Gold Mining
17:59 Stone Mining
19:17 Wheelbarrow
22:00 Castle Age
23:40 Gold Shaft Mining
23:18 Bow Saw
23:53 Bloodlines
25:09 Husbandry
25:34 Hand Cart
26:05 Padded Archer Armor
26:13 Paiks
27:22 Forging
32:25 Imperial Age
31:58 Town Watch
32:35 Leather Archer Armor
32:55 Iron Casting
33:32 Conscription
34:32 Caravan
35:28 Fortified Wall
35:30 Siege Engineers
35:40 Elite Ratha (Ranged)
37:19 Sanctity
38:14 Blast Furnace
37:44 Ring Archer Armor
37:34 Fletching
40:46 Two-Man Saw
40:26 Block Printing
42:06 Theocracy
42:33 Elite Battle Elephant
43:23 Scale Barding Armor
43:14 Bodkin Arrow
44:23 Fervor
46:22 Chain Barding Armor
46:03 Bracer
47:21 Illumination
50:35 Murder Holes
50:51 Fortified Wall
52:11 Scale Mail Armor
52:50 Plate Barding Armor
56:13 Ballistics
56:53 Chemistry
56:36 Scale Mail Armor
57:01 Squires
58:31 Chain Mail Armor
67:18 Mahayana
67:34 Arson
68:55 Masonry
71:37 Redemption
84:34 Heavy Plow
83:58 Pikeman
86:28 Architecture
aclcbrn
8:02 Loom
10:34 Feudal Age
11:17 Double-Bit Axe
17:29 Castle Age
15:18 Horse Collar
17:38 Wheelbarrow
17:05 Gold Mining
18:51 Bow Saw
19:23 Heavy Plow
27:40 Imperial Age
25:46 Caravan
26:36 Town Watch
27:09 Forging
27:00 Pikeman
27:41 Squires
27:42 Halberdier
30:52 Stone Mining
30:53 Elite Skirmisher
31:29 Fletching
31:40 Padded Archer Armor
32:15 Iron Casting
31:41 Scale Mail Armor
32:44 Stone Shaft Mining
32:17 Bodkin Arrow
32:29 Scale Barding Armor
34:14 Chemistry
33:41 Arson
33:43 Gambesons
35:27 Two-Man Saw
37:00 Bracer
38:01 Blast Furnace
37:17 Chain Mail Armor
37:17 Leather Archer Armor
38:10 Conscription
38:17 Supremacy
39:08 Hand Cart
39:10 Light Cavalry
40:00 Bloodlines
39:52 Husbandry
41:29 Hussar
42:39 Chain Barding Armor
42:49 Plate Mail Armor
42:50 Ring Archer Armor
49:31 Ballistics
49:09 Murder Holes
70:59 Plate Barding Armor
Gerar1309
0:40 Loom
10:03 Feudal Age
19:51 Castle Age
20:04 Forging
20:00 Scale Barding Armor
20:11 Bloodlines
20:03 Horse Collar
27:40 Chain Barding Armor
27:33 Husbandry
31:55 Gold Mining
32:46 Wheelbarrow
34:39 Gold Shaft Mining
37:15 Imperial Age
34:45 Town Watch
35:15 Hand Cart
34:59 Stone Mining
35:11 Double-Bit Axe
36:23 Heavy Plow
36:36 Treadmill Crane
37:33 Kshatriyas
39:35 Conscription
40:15 Plate Barding Armor
41:37 Stone Shaft Mining
42:06 Iron Casting
42:35 Bow Saw
42:47 Frontier Guards
42:06 Heavy Camel Rider
48:34 Caravan
49:41 Light Cavalry
51:48 Elite Shrivamsha Rider
53:57 Scale Mail Armor
53:46 Arson
56:30 Elite Chakram Thrower
62:01 Siege Elephant
65:49 Crop Rotation
67:55 Hussar
69:01 Hussar
74:45 Chain Mail Armor
78:27 Plate Mail Armor
CheLoco3552
12:17 Feudal Age
18:27 Castle Age
17:46 Stone Mining
20:10 Gold Mining
20:46 Fletching
21:03 Double-Bit Axe
21:35 Bodkin Arrow
21:58 Bow Saw
29:28 Padded Archer Armor
31:14 Leather Archer Armor
62:16 Imperial Age
60:31 Wheelbarrow
62:04 Stone Shaft Mining
63:49 Caravan
66:48 Two-Man Saw
65:39 Loom
65:33 Elite Genoese Crossbowman
67:47 Bracer
68:18 Ring Archer Armor
68:15 Ballistics
68:55 Chemistry
70:35 Hand Cart
74:21 Murder Holes
74:37 Fortified Wall
74:44 Fortified Wall
85:45 Scale Mail Armor
85:56 Forging
85:52 Arson
86:07 Squires
89:24 Chain Mail Armor
89:45 Iron Casting
TermodeMiller
1:46 Loom
11:28 Feudal Age
14:02 Double-Bit Axe
19:29 Castle Age
17:15 Loom
19:00 Gold Mining
20:28 Bow Saw
23:19 Stone Mining
24:55 Wheelbarrow
28:24 Caravan
29:10 Hand Cart
30:04 Husbandry
31:26 Fletching
31:52 Scale Barding Armor
34:49 Imperial Age
34:01 Town Watch
36:47 Chain Barding Armor
36:34 Bodkin Arrow
37:40 Cavalier
41:15 Gold Shaft Mining
42:15 Plate Barding Armor
50:03 Pikeman
54:53 Squires
62:49 Ballistics
65:12 Chemistry
66:47 Hoardings
68:25 Halberdier
73:33 Scale Mail Armor
74:06 Forging
74:30 Chain Mail Armor
77:06 Elite Skirmisher
79:03 Iron Casting
79:43 Padded Archer Armor
82:15 Leather Archer Armor
83:01 Blast Furnace
82:44 Plate Mail Armor
Drako
10:34 Loom
15:27 Feudal Age
17:51 Double-Bit Axe
18:59 Horse Collar
21:56 Castle Age
25:56 Fletching
27:24 Pikeman
28:55 Wheelbarrow
30:50 Fortified Wall
33:12 Imperial Age
31:45 Murder Holes
34:24 Forging
34:40 Heavy Plow
34:57 Bow Saw
36:09 Ballistics
36:17 Caravan
36:00 Elite Skirmisher
37:32 Light Cavalry
39:48 Bodkin Arrow
40:28 Iron Casting
40:33 Halberdier
40:44 Cavalier
43:06 Chemistry
48:33 Crossbowman
49:50 Hand Cart
51:45 Bombard Tower
52:34 Crop Rotation
53:40 Conscription
54:34 Squires
54:00 Elite Varangian Guard
54:44 Man-at-Arms
55:09 Gambesons
59:07 Arbalester
70:11 Thumb Ring
70:10 Bracer
70:45 Iron Casting
69:57 Treadmill Crane
72:05 Arson
73:33 Hussar
74:03 Capped Ram
78:15 Paladin
78:56 Husbandry
Enki
0:39 Loom
11:00 Feudal Age
12:15 Town Watch
17:55 Castle Age
16:48 Double-Bit Axe
16:51 Horse Collar
27:05 Wheelbarrow
27:00 Bow Saw
30:34 Heavy Plow
30:27 Gold Mining
34:27 Imperial Age
33:08 Fletching
33:41 Padded Archer Armor
33:47 Scale Barding Armor
34:47 Bloodlines
34:37 Husbandry
34:50 Forging
34:33 Cavalier
35:36 Chain Barding Armor
35:32 Light Cavalry
39:02 Iron Casting
40:40 Plate Barding Armor
40:32 Hand Cart
44:45 Blast Furnace
43:33 Paladin
48:11 Pikeman
48:51 Squires
48:37 Arson
49:11 Scale Mail Armor
49:06 Bodkin Arrow
49:08 Hussar
50:34 Halberdier
51:51 Chain Mail Armor
55:04 Conscription
72:09 Gold Shaft Mining
71:42 Caravan
79:14 Thumb Ring
JfuRy
10:53 Feudal Age
17:33 Castle Age
16:04 Double-Bit Axe
17:13 Loom
18:04 Wheelbarrow
20:56 Bow Saw
21:18 Horse Collar
28:21 Wheelbarrow
30:27 Husbandry
30:37 Bloodlines
30:56 Hand Cart
34:27 Imperial Age
33:33 Forging
33:29 Scale Barding Armor
36:29 Elite Battle Elephant
38:59 Iron Casting
38:31 Scale Barding Armor
38:58 Gold Mining
39:42 Masonry
39:44 Tusk Swords
40:18 Conscription
42:01 Gold Shaft Mining
41:31 Heavy Plow
41:22 Loom
41:24 Town Watch
41:29 Light Cavalry
50:12 Crop Rotation
49:56 Pikeman
50:21 Arson
52:17 Blast Furnace
51:41 Chain Barding Armor
51:45 Caravan
52:39 Halberdier
54:02 Cavalier
65:25 Heavy Scorpion
Connection lost

Rejoining the realm…

Still unreachable

The connection could not be restored.

Session expired

The server has moved on; the page needs a fresh start.